 Dungeon Crawl Stone Soup version 0.18-a0-824-g47fe746 (webtiles) character file.

207091 cluie the Fighter (level 18, -5/127 HPs)
             Began as a Demonspawn Ice Elementalist on Dec 17, 2015.
             Was an Initiate of Gozag.
             Blown up by a lich (87 damage)
             ... with an orb of destruction
             ... on level 3 of the Abyss.
             The game lasted 01:39:46 (30230 turns).

cluie the Fighter (Demonspawn Ice Elementalist)    Turns: 30230, Time: 01:39:47

Health: -5/127     AC: 13    Str: 12      XL:     18   Next: 8%
Magic:  3/30       EV: 23    Int: 30      God:    Gozag
Gold:   1376       SH:  6    Dex: 23 (24) Spells: 8 memorised, 11 levels left

rFire  + + +     SeeInvis +     a - +8 lajatang (freeze)
rCold  . . .     Gourm    .     M - +3 leather armour of the Alphagorgon {+Fly rC+ Int+2 SInv}
rNeg   . . .     Faith    .     (shield currently unavailable)
rPois  +         Spirit   .     (helmet unavailable)
rElec  .         Dismiss  .     W - +2 cloak
rCorr  .         Reflect  +     X - +2 pair of gloves {Str+3}
SustAt .         Harm     .     x - +0 pair of boots
MR     +....                    v - amulet of Aronail {Reflect Dex+9 SH+4}
Stlth  +++.......               e - ring "Risajo" {rPois rF+++ rC- Int+3 Stlth+}
                                r - ring "Byived" {Wiz +Fly Int+4}

@: about to teleport, drained, somewhat resistant to hostile enchantments,
fairly stealthy
A: antennae 3, large bone plates 1, blurry vision 1, deformed body,
deterioration 2, frail 1, low mp 1, powered by death 3, screaming 2, slow
regeneration 1, spiny 2, weak 1, augmentation 1, MP-powered wands
a: Potion Petition, Call Merchant, Bribe Branch, Renounce Religion, Evoke Flight
}: 1/15 runes: abyssal


You were on level 3 of the Abyss.
You worshipped Gozag.
Gozag was noncommittal.
You were not hungry.

You visited 4 branches of the dungeon, and saw 27 of its levels.
You visited the Abyss 2 times.
You also visited: Labyrinth, Ossuary and Volcano.

You collected 10564 gold pieces.
You spent 4642 gold pieces at shops.
You paid 4546 gold pieces to Gozag.

Inventory:

Hand Weapons
 a - a +8 lajatang of freezing (weapon)
Missiles
 k - 2 throwing nets (quivered)
Armour
 x - a +0 pair of boots (worn)
 M - the +3 leather armour of the Alphagorgon (worn) {+Fly rC+ Int+2 SInv}
   (You took it off a deep elf demonologist on level 3 of the Elven Halls)

   It affects your intelligence (+2).
   It protects you from cold.
   It lets you see invisible.
   It lets you fly.
 W - a +2 cloak (worn)
 X - a +2 pair of gloves of strength (worn)
Magical Staves
 b - an uncursed staff of cold
Jewellery
 e - the ring "Risajo" (right hand) {rPois rF+++ rC- Int+3 Stlth+}
   (You bought it in a shop on level 2 of the Orcish Mines)

   [ring of stealth]

   It affects your intelligence (+3).
   It renders you almost immune to fire.
   It makes you vulnerable to cold.
   It protects you from poison.
   It makes you more stealthy.
 r - the ring "Byived" (left hand) {Wiz +Fly Int+4}
   (You bought it in a shop on level 2 of the Orcish Mines)

   [ring of wizardry]

   It improves your spell success rate.
   It affects your intelligence (+4).
   It lets you fly.
 v - the amulet of Aronail (around neck) {Reflect Dex+9 SH+4}
   (You bought it in a shop on level 2 of the Orcish Mines)

   [amulet of reflection]

   It shields you and reflects attacks.
   It affects your dexterity (+9).
   It affects your SH (+4).
 L - the ring of Liberty {SustAt Str+3}
   (You found it in a labyrinth)

   [ring of sustain attributes]

   It sustains your strength, intelligence and dexterity.
   It affects your strength (+3).
Wands
 f - a wand of teleportation (6)
 i - a wand of teleportation (4)
 l - a wand of fire (6)
 s - a wand of heal wounds (6)
 w - a wand of digging (2)
 F - a wand of disintegration (4)
 J - a wand of cold (3)
 Q - a wand of disintegration (4)
Scrolls
 h - 4 scrolls of amnesia
 u - 3 scrolls of blinking
 y - 2 scrolls of identify
 A - 2 scrolls of magic mapping
 C - 5 scrolls of remove curse
 I - 2 scrolls of fog
 O - 5 scrolls of recharging
 P - 9 scrolls of teleportation
 S - 3 scrolls of summoning
 V - a scroll of fear
 Z - a scroll of brand weapon
Potions
 d - 8 potions of haste
 g - 16 potions of curing
 j - 7 potions of berserk rage
 m - 3 potions of ambrosia
 n - 4 potions of brilliance
 o - 3 potions of invisibility
 q - 4 potions of agility
 z - 3 potions of resistance
 B - 6 potions of might
 D - a potion of lignification
 E - a potion of flight
 K - 2 potions of cure mutation {!q}
 N - 3 potions of heal wounds
 T - 2 potions of magic
Books
 R - a book of the Sky

   Spells                             Type                      Level
   a - Summon Lightning Spire         Summoning/Air                4
   b - Airstrike                      Air                          4
   c - Silence                        Hexes/Air                    5
   d - Deflect Missiles               Charms/Air                   6
   e - Conjure Ball Lightning         Conjuration/Air              6
   f - Tornado                        Air                          9
 U - a book of Power

   Spells                             Type                      Level
   a - Fulminant Prism                Conjuration/Hexes            4
   b - Iskenderun's Mystic Blast      Conjuration                  4
   c - Venom Bolt                     Conjuration/Poison           5
   d - Bolt of Magma                  Conjuration/Fire/Earth       5
   e - Iron Shot                      Conjuration/Earth            6
   f - Orb of Destruction             Conjuration                  7
   g - Spellforged Servitor           Conjuration/Summoning        7
Miscellaneous
 H - a fan of gales (inert)
 Y - an ornate deck of wonders {the Helix}
Comestibles
 c - 4 bread rations
 p - 48 fruits
 t - 14 meat rations
 G - 3 slices of pizza


   Skills:
 + Level 12.7(12.1) Fighting
   Level 0.6(0.2) Long Blades
 + Level 11.5(10.9) Staves
 + Level 12.2(11.6) Dodging
 - Level 1.7(1.3) Stealth
 + Level 12.0(11.4) Spellcasting
 + Level 11.9(11.3) Conjurations
 - Level 3.7(3.2) Summonings
 + Level 12.2(11.6) Ice Magic
 - Level 7.9(7.4) Air Magic
 + Level 5.0(4.5) Evocations


You had 11 spell levels left.
You knew the following spells:

 Your Spells              Type           Power        Failure   Level  Hunger
a - Freeze                Ice            ####         1%          1    None
b - Ozocubu's Armour      Chrm/Ice       ######..     1%          3    None
c - Summon Ice Beast      Ice/Summ       ######..     1%          4    None
d - Throw Icicle          Conj/Ice       ######..     1%          4    None
e - Condensation Shield   Ice            ######....   1%          4    None
f - Throw Frost           Conj/Ice       ######       1%          2    None
g - Freezing Cloud        Conj/Ice/Air   ######....   4%          6    #####..
h - Deflect Missiles      Chrm/Air       #####.....   69%         6    #####..


Dungeon Overview and Level Annotations

Branches:
Dungeon (14/15)            Temple (0/1) D:4            Lair (8/8) D:8
 Shoals (0/4) Lair:5       Spider (0/4) Lair:3        Slime (0/6) Lair:7
    Orc (2/2) D:10            Elf (3/3) Orc:2        Vaults (0/5) D:13

Altars:
Ashenzari
Cheibriados
Elyvilon
Fedhas
Gozag
Kikubaaqudgha
Nemelex Xobeh
Pakellas
Trog
Vehumet
Xom
Yredelemnul
The Shining One
Beogh

Shops:
D:6 ?   D:7 (   D:8 ?   D:11 [   D:12 [=*   D:14 }[   Orc:1 *   Orc:2 *=[(=
Elf:1 (   Lair:3 =

Annotations:
Elf:2 3 runed doors


Innate Abilities, Weirdness & Mutations

You have a pair of large antennae on your head (SInv).
You are partially covered in large bone plates (AC +2, SH +2).
You regenerate a lot of health from kills.
You are mostly covered in sharp spines.
Your magical and physical power is slightly enhanced at high health.
[Scrolls take you a little longer to read.]
[Armour fits poorly on your strangely shaped body.]
[Your body often deteriorates upon taking damage.]
[You are frail (-10% HP).]
[Your magical capacity is low (-10% MP).]
[You sometimes yell uncontrollably at your foes.]
[You regenerate slowly when monsters are visible.]
[You are weak. (Str -2)]
[You expend magic power (3 MP) to strengthen your wands.]


Message History

The fireball engulfs the thrashing horror.
The thrashing horror resists.
The thrashing horror is destroyed!
You hear a shout!
An orb of destruction comes into view.
Unknown command.
Your air elemental hits the ancient zyme.
You block the stone giant zombie's attack.
You see here 12 gold pieces.
Unknown command.
Read which item? (? for menu, Esc to quit)
Okay, then.
Your air elemental hits the stone giant zombie but does no damage.
Your air elemental hits the stone giant zombie.
The lich points at you and mumbles some strange words.
The fireball explodes!
The fireball engulfs you! You resist.
The fireball engulfs the stone giant zombie.
The orb of destruction hits you!
Ouch! That really hurt!
You die...

# #.... # # #
...##. ## .# .
.## ..# .#. #.
#... . . ## ###.
..# # #.....#. #
.. .#.. . #######
.# # #
#@##..#.##.#.#
#.###Z§§.........
#.
#...E###XL.....#
##.##{X#..##..##
. #.#.{$#.#.#
#... #. ###. .$.#
. . # #..$....#.
. ##.#..## .# #
..#....#


You could see a lich, a large abomination (wandering), a stone giant zombie and
a friendly air elemental.

Vanquished Creatures
  Saint Roka (Orc:2)
  2 deep elf blademasters (Elf:3)
  A tentacled starspawn (Abyss:3)
  Kirke (Lair:8)
  2 deep elf sorcerers (Elf:3)
  3 deep elf elementalists
  A stone giant (Orc:1)
  A deep elf annihilator (Elf:3)
  4 deep elf demonologists (Elf:3)
  A dire elephant (Lair:8)
  A minotaur (Lab)
  2 deep elf death magi
  Snorg (Lair:6)
  The ghost of WhatIsLove the Abyss-Baptised, a journeyman DsAK of Lugonu (D:14)
  Erolcha (D:13)
  3 vault guards (D:13)
  9 hydras
  A rakshasa (Abyss:3)
  A catoblepas (Lair:8)
  A deep troll shaman (Lair:8)
  21 death yaks (Lair:8)
  An orc high priest (Orc:2)
  A satyr (Abyss:3)
  The ghost of benitares the Basher, a novice OpFi of Gozag (D:8)
  A thrashing horror (Abyss:3)
  Nergalle (D:12)
  14 deep elf knights
  A wretched star (Abyss:3)
  4 unseen horrors
  The ghost of kak the Thaumaturge, a novice GrVM of Vehumet (Lair:1)
  A fire crab (Lair:8)
  5 deep elf archers
  4 orc knights
  3 hill giants
  Pikel (D:9)
  3 wizards (D:13)
  4 necromancers
  A water nymph (Abyss:3)
  45 deep elf magi
  7 cyclopes
  A manticore (D:11)
  4 orc sorcerers
  A worldbinder (Abyss:2)
  20 ugly things
  3 centaur zombies
  4 elephants (Lair:8)
  A torpor snail (Lair:6)
  7 black mambas
  9 spiny frogs
  3 gargoyles
  10 komodo dragons
  7 two-headed ogres
  2 polar bears
  7 trolls
  A merfolk (D:11)
  3 fire drakes (Lair:7)
  14 blink frogs
  6 slime creatures
  4 trapdoor spiders
  A wraith (D:10)
  43 yaks
  3 air elementals (Elf:2)
  3 water elementals
  4 hogs (Lair:8)
  A tarantella (shapeshifter) (D:14)
  4 basilisks
  2 fire bats (Volcano)
  A vampire (D:14)
  2 large abominations
  3 hungry ghosts
  2 fire elementals
  19 humans
  9 hippogriffs
  3 wyverns
  A mottled dragon (D:14)
  A hell hound (Volcano)
  11 wolves
  3 wargs
  23 orc warriors
  11 water moccasins
  2 ice beasts
  12 porcupines
  7 black bears
  A soldier ant (D:11)
  30 ogres
  A sky beast (D:12)
  A phantom (D:12)
  2 slaves (D:9)
  2 eyes of draining
  14 crocodiles
  14 centaurs
  5 elf zombies
  28 giant frogs
  2 big kobolds
  Blork the orc (D:4)
  2 wyvern zombies
  7 earth elementals
  4 elf skeletons (D:5)
  A wyvern skeleton (D:14)
  15 killer bees
  A scorpion (D:10)
  10 wights
  2 lava snakes (Lair:6)
  An electric eel (D:13)
  6 crimson imps
  17 jellies
  11 hounds
  3 quasits
  A wasp zombie (D:5)
  18 orc priests
  14 iguanas
  A giant frog skeleton (D:10)
  2 human skeletons (D:5)
  28 orc wizards
  Crazy Yiuf (D:2)
  Jessica (D:2)
  A human zombie (D:5)
  Ijyb (D:2)
  6 centaur skeletons
  8 worker ants
  An iron imp (D:9)
  Natasha (thrice) (D:2)
  4 sheep (D:13)
  A killer bee zombie (D:6)
  2 hound zombies
  A hound skeleton (D:6)
  A worker ant zombie (D:5)
  Robin (D:2)
  4 gnolls (D:8)
  25 adders
  35 river rats
  7 shadow imps
  3 oozes
  2 adder skeletons
  3 adder zombies (Ossuary)
  5 giant geckos
  73 orcs
  4 giant cockroaches
  2 gnoll zombies (D:6)
  9 hobgoblins
  14 jackals
  3 quokkas
  3 ball pythons
  A ball python skeleton (Ossuary)
  11 bats
  4 giant newts
  12 goblins
  16 kobolds
  4 orc skeletons
  3 orc zombies
  9 rats
  2 fungi
  A starspawn tentacle (Abyss:3)
968 creatures vanquished.

Vanquished Creatures (collateral kills)
  An orc warlord (Orc:2)
  2 wraiths (Ossuary)
  3 orc warriors (Orc:2)
  A centaur (D:8)
  3 orcs (Orc:2)
10 creatures vanquished.

Vanquished Creatures (others)
  A thrashing horror (Abyss:3)
  15 dancing weapons
  A deep elf knight (Elf:1)
  A deep elf archer (Elf:1)
  A deep elf mage (Elf:1)
  A cyclops (Orc:1)
  A bush (Lair:8)
  29 fungi
  8 plants
  2 starspawn tentacles (Abyss:3)
  9 starspawn tentacle segments (Abyss:3)
69 creatures vanquished.

Grand Total: 1047 creatures vanquished

Notes
Turn   | Place    | Note
--------------------------------------------------------------
     0 | D:1      | cluie the Demonspawn Ice Elementalist began the quest for the Orb.
     0 | D:1      | Reached XP level 1. HP: 13/13 MP: 3/3
   131 | D:1      | Gained mutation: You regenerate a little health from kills. [demonic ancestry]
   131 | D:1      | Reached XP level 2. HP: 7/19 MP: 0/5
   142 | D:1      | Reached skill level 3 in Ice Magic
   555 | D:1      | Gained mutation: You are partially covered in large bone plates (AC +2, SH +2). [demonic ancestry]
   555 | D:1      | Reached XP level 3. HP: 25/25 MP: 3/6
   605 | D:2      | Noticed Robin
   631 | D:2      | Reached skill level 1 in Fighting
   674 | D:2      | Killed Robin
   869 | D:2      | Noticed Natasha
   883 | D:2      | Reached XP level 4. HP: 32/32 MP: 4/7
   900 | D:2      | Killed Natasha
  1036 | D:2      | Found an opulent altar of Gozag.
  1038 | D:2      | Noticed Jessica
  1047 | D:2      | Killed Jessica
  1047 | D:2      | Reached XP level 5. HP: 11/38 MP: 1/9
  1197 | D:2      | Noticed Natasha
  1202 | D:2      | Killed Natasha
  1207 | D:2      | Learned a level 3 spell: Ozocubu's Armour
  1228 | D:2      | Noticed Ijyb
  1250 | D:2      | Killed Ijyb
  1267 | D:2      | Reached skill level 4 in Ice Magic
  1353 | D:2      | Learned a level 4 spell: Summon Ice Beast
  1353 | D:2      | Noticed Crazy Yiuf
  1356 | D:2      | Killed Crazy Yiuf
  1413 | D:2      | Noticed Natasha
  1416 | D:2      | Killed Natasha
  1548 | D:2      | Found a glowing golden altar of the Shining One.
  1554 | D:2      | You fall through a shaft for 2 floors!
  1604 | D:2      | Became a worshipper of Gozag Ym Sagoz the Greedy
  1948 | D:3      | Gained mutation: You are partially covered in sharp spines. [demonic ancestry]
  1948 | D:3      | Reached XP level 6. HP: 18/46 MP: 6/10
  1951 | D:3      | ooh spines
  2334 | D:3      | Reached skill level 1 in Summonings
  2473 | D:4      | Noticed Blork the orc
  2480 | D:4      | Killed Blork the orc
  2507 | D:4      | Found an ancient bone altar of Kikubaaqudgha.
  2571 | D:4      | Reached XP level 7. HP: 52/52 MP: 5/12
  2816 | D:4      | Found a staircase to the Ecumenical Temple.
  3143 | D:5      | Entered Level 5 of the Dungeon
  3252 | D:5      | Reached skill level 5 in Ice Magic
  3328 | D:5      | Reached XP level 8. HP: 52/60 MP: 14/14
  3396 | D:5      | Found a sand-covered staircase.
  3453 | Ossuary  | Entered an ossuary
  3586 | Ossuary  | Learned a level 4 spell: Throw Icicle
  3890 | Ossuary  | Reached skill level 5 in Fighting
  3890 | Ossuary  | Reached skill level 5 in Dodging
  4170 | D:5      | Reached skill level 5 in Spellcasting
  4623 | D:6      | Found a bloodstained altar of Trog.
  4633 | D:6      | Gained mutation: You are mostly covered in sharp spines. [demonic ancestry]
  4633 | D:6      | Reached XP level 9. HP: 64/68 MP: 11/16
  4635 | D:6      | Reached skill level 6 in Ice Magic
  4728 | D:6      | Found Caom's Magic Scroll Shop.
  4731 | D:6      | Bought a scroll of enchant armour for 97 gold pieces
  4899 | D:6      | Found a basalt altar of Yredelemnul.
  5403 | D:7      | Found a white marble altar of Elyvilon.
  6288 | D:8      | Learned a level 4 spell: Condensation Shield
  6291 | D:8      | Learned a level 2 spell: Throw Frost
  6444 | D:8      | Found Bett's Magic Scroll Shop.
  6481 | D:8      | Found a blossoming altar of Fedhas.
  6544 | D:8      | Reached skill level 1 in Staves
  6684 | D:8      | Noticed benitares's ghost (novice OpFi)
  6700 | D:8      | Killed benitares's ghost
  6700 | D:8      | Gained mutation: You have a pair of small antennae on your head. [demonic ancestry]
  6700 | D:8      | Reached XP level 10. HP: 47/77 MP: 0/19
  6701 | D:8      | ok
  6720 | D:8      | Found a staircase to the Lair.
  6993 | D:8      | Found a shattered altar of Ashenzari.
  7322 | D:9      | Reached skill level 7 in Ice Magic
  7552 | D:9      | Noticed Pikel
  7604 | D:9      | Killed Pikel
  7604 | D:9      | Reached skill level 5 in Conjurations
  7944 | D:9      | Found a snail-covered altar of Cheibriados.
  8203 | D:10     | Entered Level 10 of the Dungeon
  8249 | D:10     | Got a pitted plate armour
  8250 | D:10     | Identified the +9 plate armour of Insatiable Hunger {Str+6} (You found it on level 10 of the Dungeon)
  8388 | D:10     | Found a staircase to the Orcish Mines.
  8404 | D:10     | Found a radiant altar of Vehumet.
  9129 | D:11     | Noticed a cyan ugly thing
  9174 | D:10     | Gained mutation: You regenerate health from kills. [demonic ancestry]
  9174 | D:10     | Reached XP level 11. HP: 69/84 MP: 21/21
  9294 | D:10     | Noticed a hill giant
  9303 | D:10     | Killed a hill giant
  9736 | D:11     | Found a shimmering altar of Xom.
  9792 | D:11     | Bought a pair of runed gloves for 148 gold pieces
  9792 | D:11     | Bought a dyed leather armour for 66 gold pieces
  9927 | D:11     | Reached skill level 8 in Ice Magic
 10289 | D:11     | Learned a level 6 spell: Freezing Cloud
 10585 | D:12     | Noticed a hill giant
 10591 | D:12     | Killed a hill giant
 10780 | D:12     | Reached skill level 5 in Staves
 10795 | D:12     | Found Yhiov's Jewellery Boutique.
 10797 | D:12     | Found Pataxocsu's Assorted Antiques.
 10810 | D:12     | Bought a +4 amulet of reflection for 275 gold pieces
 10843 | D:12     | Reached XP level 12. HP: 92/94 MP: 23/23
 10939 | D:12     | Noticed Nergalle
 10956 | D:12     | Found a shimmering altar of Xom.
 11163 | D:12     | Found Ische's Antique Armour Shop.
 11168 | D:12     | Bought a pair of steaming gloves for 275 gold pieces
 11178 | D:12     | Identified the +2 pair of gloves of the Thunderstorm {rPois Slay-5 SInv} (You bought it in a shop on level 12 of the Dungeon)
 11412 | D:12     | Reached skill level 1 in Air Magic
 11487 | D:12     | Killed Nergalle
 12046 | D:12     | Bought a runed robe for 20 gold pieces
 12046 | D:12     | Bought a topaz-encrusted leather armour for 203 gold pieces
 12066 | D:12     | Identified the cursed +1 leather armour "Cuemn" {*Confuse Regen+ Str+3} (You bought it in a shop on level 12 of the Dungeon)
 12203 | D:13     | Noticed a six-headed hydra
 12234 | D:13     | Killed a six-headed hydra
 12234 | D:13     | Reached skill level 9 in Ice Magic
 12426 | D:13     | Found a gate to the Vaults.
 12426 | D:13     | Noticed a vault guard
 12426 | D:13     | Noticed a vault guard
 12426 | D:13     | Noticed a vault guard
 12455 | D:13     | Killed a vault guard
 12472 | D:13     | Killed a vault guard
 12495 | D:13     | Killed a vault guard
 12499 | D:13     | Reached XP level 13. HP: 86/101 MP: 10/25
 13167 | D:13     | Noticed Erolcha
 13185 | D:13     | Paralysed by Erolcha for 2 turns
 13187 | D:13     | Killed Erolcha
 14108 | Orc:1    | Entered Level 1 of the Orcish Mines
 14199 | Orc:1    | Found Jifomn's General Store.
 14294 | Orc:1    | Noticed a stone giant
 14303 | Orc:1    | Killed a stone giant
 14303 | Orc:1    | Reached skill level 10 in Fighting
 14303 | Orc:1    | Reached skill level 5 in Air Magic
 14586 | Orc:2    | Entered Level 2 of the Orcish Mines
 14613 | Orc:2    | Found a staircase to the Elven Halls.
 14879 | Orc:2    | Noticed Saint Roka
 14890 | Orc:2    | Paralysed by an orc sorcerer for 2 turns
 15157 | Orc:2    | Found a roughly hewn altar of Beogh.
 15186 | Orc:2    | Paralysed by an orc sorcerer for 3 turns
 15201 | Orc:1    | Paralysed by an orc sorcerer for 6 turns
 15393 | Orc:2    | Killed Saint Roka
 15393 | Orc:2    | Reached skill level 10 in Ice Magic
 15393 | Orc:2    | Gained mutation: Your magical and physical power is slightly enhanced at high health. [demonic ancestry]
 15393 | Orc:2    | Reached XP level 14. HP: 59/110 MP: 4/27
 15396 | Orc:2    | ooh augmentation
 15396 | Orc:2    | ....
 15396 | Orc:2    | *shades*
 15396 | Orc:2    | Aug yeah.
 15455 | Orc:2    | Found Molo's Antique Weapon Shoppe.
 15460 | Orc:2    | Reached skill level 10 in Dodging
 15822 | Orc:2    | Found Peunies's Jewellery Shoppe.
 15838 | Orc:2    | Found Ynuilo's Antique Armour Shoppe.
 15840 | Orc:2    | Found Oteprar's General Store.
 15865 | Orc:2    | Bought an embroidered cloak for 135 gold pieces
 15865 | Orc:2    | Bought a runed robe for 21 gold pieces
 15950 | Orc:2    | Noticed an orc warlord
 15997 | Orc:2    | Killed an orc warlord
 16567 | Lair:1   | Entered Level 1 of the Lair of Beasts
 16592 | Lair:1   | Noticed kak's ghost (novice GrVM)
 16611 | Lair:1   | Killed kak's ghost
 17480 | Lair:2   | Found a labyrinth entrance.
 17489 | Lab      | Entered a labyrinth
 17639 | Lab      | Got a pitted steel ring
 17640 | Lab      | Identified the ring of Liberty {SustAt Str+3} (You found it in a labyrinth)
 17769 | Lair:2   | Reached skill level 10 in Spellcasting
 18773 | Lair:3   | Found a hole to the Spider Nest.
 20039 | Lair:5   | Found a staircase to the Shoals.
 20430 | Lair:6   | Noticed Snorg
 20449 | Lair:6   | Killed Snorg
 20510 | Lair:6   | Reached skill level 11 in Fighting
 20633 | Lair:6   | ooh exp
 20633 | Lair:6   | Gained mutation: You have a pair of antennae on your head. [demonic ancestry]
 20633 | Lair:6   | Reached XP level 15. HP: 118/118 MP: 29/29
 20887 | Lair:6   | Gained mutation: You have a pair of large antennae on your head (SInv). [demonic ancestry]
 20887 | Lair:6   | Reached XP level 16. HP: 118/125 MP: 30/30
 21231 | Lair:7   | Reached skill level 10 in Conjurations
 21293 | Lair:7   | Found a dark tunnel.
 21299 | Volcano  | Entered a volcano
 21478 | Lair:7   | Reached skill level 10 in Staves
 21555 | Lair:7   | Found a staircase to the Slime Pits.
 22271 | Lair:8   | Entered Level 8 of the Lair of Beasts
 22846 | Lair:8   | Noticed Kirke
 22889 | Lair:8   | Killed Kirke
 23848 | Lair:1   | Got an encrusted helmet
 23849 | Lair:1   | Identified the +2 helmet of Sif Muna's Favour {rPois rN+} (You found it on level 1 of the Lair of Beasts)
 23908 | D:8      | Learned a level 6 spell: Deflect Missiles
 24062 | Orc:2    | Bought the ring "Risajo" {rPois rF+++ rC- Int+3 Stlth+} for 1134 gold pieces
 24062 | Orc:2    | Bought the amulet of Aronail {Reflect Dex+9 SH+4} for 916 gold pieces
 24062 | Orc:2    | Bought the ring "Byived" {Wiz +Fly Int+4} for 855 gold pieces
 24113 | Orc:2    | Bought a runed leather armour for 60 gold pieces
 24260 | D:11     | Bought a jewelled cloak for 313 gold pieces
 24260 | D:11     | Bought a dyed leather armour for 66 gold pieces
 24274 | D:11     | Identified the cursed +0 cloak of Kiggeo {Str+7} (You bought it in a shop on level 11 of the Dungeon)
 24366 | D:12     | Bought a glowing leather armour for 58 gold pieces
 24504 | D:14     | uh
 24726 | D:14     | Noticed WhatIsLove's ghost (journeyman DsAK)
 24760 | D:14     | Killed WhatIsLove's ghost
 24792 | D:14     | Found a sparkling altar of Nemelex Xobeh.
 24999 | D:14     | Found an oddly glowing altar of Pakellas.
 24999 | D:14     | Found Pakellas's Prime Provisions.
 25385 | Elf:1    | Entered Level 1 of the Elven Halls
 25462 | Elf:1    | Reached skill level 1 in Evocations
 25612 | Elf:1    | Reached XP level 17. HP: 84/133 MP: 32/32
 25887 | Elf:1    | Found Liuhimug's Antique Weapon Shoppe.
 26053 | Elf:1    | Reached skill level 12 in Fighting
 26965 | Elf:1    | Identified the Collected Works on Evil Rituals
 27880 | Elf:2    | Found a runed gate.
 28450 | Elf:2    | Found a runed gate.
 28450 | Elf:2    | Found a runed gate.
 28629 | Elf:3    | Entered Level 3 of the Elven Halls
 28931 | Elf:3    | HP: 4/135 [deep elf master archer/arrow (21)]
 29657 | Elf:3    | Got a translucent leather armour
 29659 | Elf:3    | Identified the +3 leather armour of the Alphagorgon {+Fly rC+ Int+2 SInv} (You took it off a deep elf demonologist on level 3 of the Elven Halls)
 29797 | Elf:3    | Cast into level 2 of the Abyss (a deep elf demonologist)
 29826 | Abyss:2  | Got a dazzling leather armour
 29827 | Abyss:2  | Identified the cursed +0 leather armour of Cocytus {SInv} (You found it on level 2 of the Abyss)
 29879 | Abyss:3  | Found a corrupted altar of Lugonu.
 29879 | Abyss:3  | Found a corrupted altar of Lugonu.
 29895 | Abyss:3  | Got an abyssal rune of Zot
 29908 | Abyss:3  | Found a corrupted altar of Lugonu.
 29928 | Elf:3    | Escaped the Abyss
 29994 | Elf:3    | Noticed an Ice Fiend
 30003 | Elf:3    | Gained mutation: You regenerate a lot of health from kills. [demonic ancestry]
 30003 | Elf:3    | Reached XP level 18. HP: 113/142 MP: 7/34
 30013 | Elf:3    | Cast into level 3 of the Abyss (a deep elf sorcerer)
 30019 | Abyss:3  | Found a corrupted altar of Lugonu.
 30203 | Abyss:3  | Reached skill level 5 in Evocations
 30208 | Abyss:3  | Noticed a lich
 30230 | Abyss:3  | Blown up by a lich

Vault maps used:
D:1:      dpeg_arrival_erosion
D:2:      nicolae_overflow_crystal_walls, lemuel_round_altar,
          supply_closet_lemuel, minmay_stone_trees_small, minivault_23,
          uniq_iyjb, uniq_jessica, uniq_crazy_yiuf_cottage, uniq_robin,
          uniq_natasha
D:4:      kiku_gazebo_pond_becter, minmay_temple_entry_trees, uniq_blork_the_orc
D:5:      first_bread, nicolae_ossuary_entry_catacombs
D:6:      trog_ov_bears_minmay, lemuel_zombie_altar_yredelemnul, serial_shops,
          kennysheep_mini_moat
D:7:      kennysheep_mini, serial_curves, eino_curves_03, eino_curves_03,
          eino_curves_03, eino_curves_03
D:8:      lemuel_crystal_altar, due_lair_maze_entry_diamond, basic_altar,
          serial_shops, shop
D:9:      slow_altar_2, serial_co_window_serial, co_window_cross_1,
          co_window_corner_a, co_window_paths_a, co_window_paths_b,
          co_window_cross_1, co_window_2corner, co_window_corner_b,
          co_window_cross_4, co_window_broadway_a, co_window_corner_b,
          co_window_broadway_b, co_window_paths_c, uniq_pikel
D:10:     kennysheep_ambush_hall, basic_altar
D:11:     basic_altar, hangedman_fish_farm
D:12:     serial_shops, nicolae_shop_overgrown_old_shop, kennysheep_little_box,
          shop_fountains, basic_altar, uniq_nergalle
D:13:     lemuel_ogre_cave, grunt_vaults_entry_tiered
D:14:     nemelex_xobeh_ov_fountains_minmay, johnstein_pakellas_shop
Lair:1:   minmay_holes, grunt_megastairs_1, lemuel_fruit_fields
Lair:2:   beast_lair_carwin_large_1, lab_entry_generic
Lair:3:   spider_nest_entry_webs, kennysheep_basilisk_garden
Lair:5:   minmay_shoals_entry_centaurs
Lair:6:   lemuel_fruit_fields, lemuel_fruit_fields, serial_bayou_shore_b,
          uniq_snorg
Lair:7:   minmay_slime_entry_jelly_boxes, enter_volcano_3, grunt_megastairs_5
Lair:8:   grunt_lair_end_beastmaster, infiniplex_staircase_pool,
          grunt_megastairs_2, lemuel_fruit_fields, uniq_kirke
Orc:1:    serial_shops, nicolae_shop_crystal
Orc:2:    grunt_orc_cross
Elf:1:    eino_elf_arrival_shootout, serial_shops, shop, serial_glass,
          glass_columns_b, glass_columns_c, feat_on_display, feat_on_display,
          item_on_display_a, item_on_display_a, minmay_elf_necromancy
Elf:3:    grunt_elf_hall_diamonds, serial_shops, nicolae_shop_waterfront
Abyss:2:  abyss_fake_exit
Abyss:3:  grunt_abyss_rune_twisted_forest, evilmike_abyss_exit_11,
          evilmike_abyss_exit_15
Lab:      labyrinth_green, nicolae_lab_starburst, nicolae_lab_big_swirl,
          nicolae_lab_flowing_pool, nicolae_lab_dead_end,
          labyrinth_skeletal_remains
Ossuary:  ossuary_due_cavern
Volcano:  volcano_village

Action                   |  1- 3 |  4- 6 |  7- 9 | 10-12 | 13-15 | 16-18 || total
-------------------------+-------+-------+-------+-------+-------+-------++-------
Melee: Dagger            |    52 |       |       |       |       |       ||    52
       Whip              |    24 |       |       |       |       |       ||    24
       Trident           |     8 |    47 |       |       |       |       ||    55
       Quarterstaff      |       |    44 |     7 |       |       |       ||    51
       Dire flail        |       |     2 |    29 |       |       |       ||    31
       Long sword        |       |       |   192 |       |       |       ||   192
       Lajatang          |       |       |    37 |   625 |   852 |   514 ||  2028
       Staff             |       |       |       |       |       |   534 ||   534
 Cast: Freeze            |    33 |    49 |    19 |     5 |    23 |    15 ||   144
       Ozocubu's Armour  |       |     1 |     6 |     5 |    12 |    11 ||    35
       Summon Ice Beast  |       |       |     5 |     2 |     3 |       ||    10
       Throw Icicle      |       |       |       |    32 |    52 |   120 ||   204
       Condensation Shie |       |       |       |     3 |     3 |     7 ||    13
       Throw Frost       |       |       |       |     1 |       |       ||     1
       Freezing Cloud    |       |       |       |       |     2 |    27 ||    29
       Deflect Missiles  |       |       |       |       |       |     1 ||     1
Invok: Call Merchant     |       |       |     1 |     1 |     3 |       ||     5
Evoke: Wand              |       |     3 |     4 |     9 |    13 |    15 ||    44
       Fan of gales      |       |       |       |       |       |     1 ||     1
  Use: Potion            |     1 |       |     1 |       |     4 |     3 ||     9
       Scroll            |       |    15 |    11 |    16 |    22 |    16 ||    80
 Stab: Sleeping          |     5 |     4 |     3 |     3 |     8 |    10 ||    33
       Distracted        |       |       |       |     2 |     7 |     7 ||    16
       Invisible         |       |       |       |       |     2 |       ||     2
       Petrifying        |       |       |       |       |       |     1 ||     1
  Eat: Chunk             |       |     3 |       |     3 |       |       ||     6
       Pizza             |       |     1 |       |       |       |     1 ||     2
       Bread ration      |       |     1 |     2 |     3 |     5 |     7 ||    18
       Fruit             |       |       |     3 |     1 |       |       ||     4
       Meat ration       |       |       |     1 |     1 |     1 |       ||     3
       Royal jelly       |       |       |       |       |     2 |     1 ||     3
       Beef jerky        |       |       |       |       |       |     4 ||     4
